AoeStats
← LyM. El Arquitecto

Arabia

508352596Analyzed
1v1 RM · 9d ago on Sep 22, 2026· 50m 42s· 2 players
Game mode
Random Map
Map size
Tiny (2 player)
Population
200
Speed
Normal
Resources
Standard
Victory
Conquest
Starting age
Dark Age
Ending age
Imperial Age
RankedLock teamsTeams togetherTeam positionsShared explorationLock speedFull tech treeHidden civsTurbo modeCheats
Victory
Defeat
🇨🇴 Magyars · Colombia
1042
+16
🇦🇷 Celts · Argentina
1037
-16
LyM. El Arquitecto
0:27 Loom
11:05 Feudal Age
16:07 Wheelbarrow
17:22 Horse Collar
18:18 Gold Mining
18:52 Double-Bit Axe
22:51 Castle Age
21:47 Scale Barding Armor
23:50 Pikeman
24:44 Forging
25:09 Scale Mail Armor
26:35 Chain Mail Armor
30:44 Hand Cart
30:17 Town Watch
30:28 Fletching
30:34 Elite Skirmisher
31:12 Bodkin Arrow
36:24 Iron Casting
35:50 Padded Archer Armor
41:27 Imperial Age
39:10 Husbandry
40:04 Ballistics
39:55 Masonry
39:52 Stronghold
40:53 Leather Archer Armor
41:07 Gambesons
41:10 Arson
42:05 Bow Saw
41:41 Capped Ram
42:47 Conscription
42:55 Heavy Plow
44:55 Chemistry
45:24 Furor Celtica
45:08 Siege Ram
46:55 Halberdier
50:56 Gold Shaft Mining
JCarvajal
3:25 Loom
10:38 Feudal Age
12:17 Double-Bit Axe
13:06 Horse Collar
20:14 Castle Age
18:37 Gold Mining
20:31 Wheelbarrow
19:41 Town Watch
21:20 Husbandry
21:31 Bloodlines
24:32 Bow Saw
24:59 Gold Shaft Mining
24:19 Stone Mining
25:29 Hand Cart
25:58 Thumb Ring
26:20 Ballistics
33:52 Imperial Age
35:34 Parthian Tactics
35:48 Corvinian Army
36:57 Fletching
37:07 Padded Archer Armor
38:33 Bodkin Arrow
38:53 Leather Archer Armor
38:46 Scale Barding Armor
39:30 Bracer
39:55 Elite Magyar Huszar
41:24 Ring Archer Armor
41:17 Chain Barding Armor
43:00 Chemistry
42:59 Heavy Cavalry Archer
Connection lost

Rejoining the realm…

Still unreachable

The connection could not be restored.

Session expired

The server has moved on; the page needs a fresh start.